Map: COOP COMMANDER PVP-3V3

Players

Player 2 - Winner!

  • Race: Terran Terran
  • Spawn Location: 5:00

NamroodTuo

  • Race: Zerg Zerg

VOD

Have the link to the VOD?

Description

Time

  • Played on: Jan. 9, 2023, 2:10 p.m.
  • Length: 2:22
Show
View Real Time Build Order
Export as new Build Order

Player 2 Terran - Winner!

Build Orders:  

Get SALT Encoding   

  12  0:00  Unknown, SCV  
  12  0:02  Supply Depot  
  12  0:03  Unknown  
  12  0:04  Barracks  
  13  0:08  Refinery  
  13  0:13  SCV  
  14  0:25  SCV  
  15  0:37  SCV  
  15  0:40  Supply Depot  
  16  0:49  SCV  
  18  1:01  Barracks, SCV  
  18  1:02  Barracks Tech Lab  
  19  1:10  Marine, Refinery  
  19  1:14  Orbital Command  
  19  1:25  Factory  
  19  1:28  Marine  
  20  1:46  Marine  
  21  1:48  Marine  
  22  1:56  Supply Depot  
  22  2:03  Marine  
Show
View Real Time Build Order
Export as new Build Order

NamroodTuo Zerg 

Build Orders:  

Get SALT Encoding   

  12  0:00  Unknown x3  
  12  0:11  Unknown  
  12  0:12  Unknown  
  12  0:13  Unknown  
  12  0:14  Unknown  
  14  0:23  Unknown  
  14  0:24  Unknown  
  14  0:29  Unknown  
  14  0:30  Unknown  
  14  0:31  Unknown x2  
  14  0:34  Unknown  
  15  0:42  Unknown  
  15  0:47  Unknown  
  15  0:52  Unknown  
  15  0:57  Unknown  
  16  1:04  Unknown  
  16  1:09  Unknown x2  
  17  1:21  Unknown  
  17  1:22  Unknown  
  17  1:24  Unknown  
  22  1:36  Unknown x2  
  22  1:39  Unknown  
  23  1:44  Unknown  
  23  1:46  Unknown x2  
  24  1:48  Unknown  
  24  1:53  Unknown x6  
  24  1:55  Unknown  
  24  1:58  Unknown  
  25  2:07  Unknown x2  
  29  2:08  Unknown x3  
  29  2:09  Unknown x5  
  29  2:10  Unknown  
  29  2:22  Unknown  
Tags
 
Add a new tag
Caveats
  • Supply blocks, unpowered buildings, or Contaminate may cause inaccurate times.
  • Supply counts are checked every 10 seconds.